AoeStats
← augustin.renard

Black Forest

506621979Analyzed
3v3 RM · 18d ago on Sep 14, 2026· 56m 49s· 6 players
Game mode
Random Map
Map size
Normal (6 player)
Population
200
Speed
Normal
Resources
Standard
Victory
Conquest
Starting age
Dark Age
Ending age
Imperial Age
RankedLock teamsTeams togetherTeam positionsShared explorationLock speedFull tech treeHidden civsTurbo modeCheats
Victory
Defeat
🇦🇺 Inca · Australia
865
+15
🇺🇸 Gurjaras · United States
860
+15
🇨🇱 Cumans · Chile
829
+16
🇺🇸 Maya · United States
867
-18
🇨🇳 Saracens · China
816
-14
🇫🇷 Mongols · France
811
-14
isthisthingon
12:43 Feudal Age
13:15 Horse Collar
14:59 Double-Bit Axe
21:45 Castle Age
20:28 Gold Mining
20:47 Fletching
20:58 Padded Archer Armor
26:10 Thumb Ring
26:13 Heavy Plow
27:15 Gold Shaft Mining
27:46 Bodkin Arrow
28:06 Bloodlines
30:50 Wheelbarrow
31:36 Bow Saw
32:39 Ballistics
42:51 Imperial Age
41:54 Forging
41:50 Scale Barding Armor
42:07 Masonry
41:54 Murder Holes
44:02 Elite Shrivamsha Rider
46:10 Heavy Scorpion
51:28 Chemistry
55:02 Fortified Wall
nicowasjk
0:38 Loom
13:21 Feudal Age
15:28 Double-Bit Axe
18:42 Wheelbarrow
22:17 Stone Mining
22:56 Bloodlines
27:07 Castle Age
26:04 Scale Barding Armor
27:02 Gold Mining
27:59 Horse Collar
29:16 Bow Saw
29:39 Elite Skirmisher
30:35 Heavy Plow
34:31 Imperial Age
33:29 Hand Cart
36:26 Crop Rotation
37:34 Ballistics
39:29 Guilds
39:50 Coinage
39:20 Caravan
40:14 Cavalier
43:51 Gold Shaft Mining
44:01 Light Cavalry
50:58 Chain Barding Armor
50:49 Forging
55:38 Iron Casting
55:42 Paladin
K10
12:33 Feudal Age
16:56 Castle Age
15:03 Double-Bit Axe
16:06 Horse Collar
22:39 Heavy Plow
24:55 Wheelbarrow
25:21 Bow Saw
26:04 Caravan
26:30 Hand Cart
30:48 Imperial Age
29:12 Padded Archer Armor
29:02 Fletching
29:23 Forging
29:13 Scale Mail Armor
29:40 Ballistics
29:39 Stone Mining
29:40 Gold Mining
30:26 Andean Sling
30:56 Arson
31:11 Squires
30:32 Champi Runner
30:35 Elite Skirmisher
31:20 Thumb Ring
32:11 Iron Casting
31:39 Elite Kamayuk
32:33 Bodkin Arrow
33:16 Conscription
32:33 Champi Warrior
34:18 Bracer
33:53 Pikeman
35:39 Crop Rotation
36:17 Blast Furnace
35:20 Elite Champi Warrior
36:55 Chain Mail Armor
41:45 Chemistry
40:52 Siege Engineers
46:33 Plate Mail Armor
46:19 Leather Archer Armor
52:57 Town Watch
53:45 Ring Archer Armor
54:55 Town Patrol
55:15 Masonry
54:45 Treadmill Crane
Felch Baby
0:31 Loom
13:30 Feudal Age
14:55 Double-Bit Axe
16:50 Horse Collar
23:19 Castle Age
21:05 Man-at-Arms
23:43 Elite Skirmisher
24:37 Crossbowman
26:56 Gold Mining
28:14 Hul'che Javelineers
28:55 Wheelbarrow
32:21 Padded Archer Armor
32:12 Fletching
33:27 Hand Cart
34:02 Leather Archer Armor
37:10 Imperial Age
35:40 Herbal Medicine
35:45 Bodkin Arrow
36:43 Ballistics
37:27 Arbalester
39:29 Chemistry
39:13 Conscription
43:27 Eagle Warrior
44:08 Squires
45:28 Elite Eagle Warrior
48:42 Forging
48:32 Scale Mail Armor
49:08 Holcans
augustin.renard
0:29 Loom
13:13 Feudal Age
13:45 Double-Bit Axe
13:45 Horse Collar
14:42 Wheelbarrow
17:53 Gold Mining
24:28 Castle Age
22:24 Stone Mining
25:52 Stone Shaft Mining
25:31 Bow Saw
26:01 Gold Shaft Mining
27:15 Hand Cart
27:38 Heavy Plow
28:59 Nomads
34:15 Imperial Age
32:52 Masonry
32:42 Murder Holes
36:21 Conscription
36:38 Hoardings
36:21 Fletching
36:32 Padded Archer Armor
36:39 Scale Barding Armor
36:55 Husbandry
37:06 Bloodlines
39:15 Chain Barding Armor
40:07 Bodkin Arrow
40:24 Forging
42:48 Iron Casting
45:51 Ballistics
kilfal
0:59 Loom
12:31 Feudal Age
12:58 Double-Bit Axe
16:07 Stone Mining
22:44 Castle Age
22:58 Scale Barding Armor
22:36 Horse Collar
22:48 Gold Mining
24:07 Bow Saw
24:52 Heavy Plow
28:26 Fletching
29:22 Wheelbarrow
31:24 Ballistics
32:11 Gold Shaft Mining
34:58 Imperial Age
33:41 Husbandry
33:58 Forging
34:10 Hand Cart
35:28 Chain Barding Armor
36:10 Conscription
35:52 Light Cavalry
39:08 Chemistry
38:57 Bloodlines
39:10 Town Watch
39:21 Hussar
41:32 Plate Barding Armor
42:05 Murder Holes
43:12 Heavy Camel Rider
46:06 Iron Casting
46:58 Siege Engineers
48:59 Masonry
49:41 Elite Mameluke
51:26 Blast Furnace
54:13 Treadmill Crane
55:37 Bodkin Arrow
Connection lost

Rejoining the realm…

Still unreachable

The connection could not be restored.

Session expired

The server has moved on; the page needs a fresh start.